 Dungeon Crawl Stone Soup version 0.30.0-15-g856e2d3f33 (webtiles) character file.

Game seed: 10342872509531962219

1101 BlasphemerAmon the Trooper (level 8, -3/51 HPs)
             Began as a Gargoyle Chaos Knight on May 18, 2023.
             Was a Plaything of Xom.
             Slain by a wight
             ... wielding a +1 long sword
              (11 damage)
             ... on level 6 of the Dungeon.
             The game lasted 00:07:56 (5148 turns).

BlasphemerAmon the Trooper (Gargoyle Chaos Knight)  Turns: 5148, Time: 00:07:57

Health: -3/51      AC: 17    Str: 18      XL:     8   Next: 32%
Magic:  8/8        EV:  6    Int: 12 (13) God:    Xom [......]
Gold:   285        SH:  0    Dex:  9      Spells: 7/7 levels left

rFire   . . .        a - +0 mace (chaos)
rCold   . . .        (no shield)
rNeg    + . .        o - +0 plate armour
rPois   ∞            n - +2 helmet
rElec   +            (no cloak)
rCorr   .            g - +0 pair of gloves
SInv    .            (no boots)
Will    .....        (no amulet) Stlth
                     (no ring)
HPRegen 0.28/turn    (no ring)
MPRegen 0.11/turn

%: no passive effects
@: no status effects
A: sickness immunity, AC +5, negative energy resistance 1, electricity
resistance, torment resistance 1, petrification resistance, deformed body,
MP-powered wands
a: Renounce Religion


You were on level 6 of the Dungeon.
You worshipped Xom.
You were a very special plaything of Xom.
You visited 1 branch of the dungeon, and saw 6 of its levels.

You collected 285 gold pieces.

Inventory:

Hand Weapons
 a - a +0 mace of chaos (weapon)
Armour
 b - a +2 leather armour
 e - the +0 leather armour "Vekiacw" {Str+2 Int+3 SInv}
   (You found it on level 5 of the Dungeon)

   Str:       It affects your strength (+2).
   Int:       It affects your intelligence (+3).
   SInv:      It lets you see invisible.
 g - a +0 pair of gloves (worn)
   (You found it on level 1 of the Dungeon)
 n - a +2 helmet (worn)
   (You found it on level 2 of the Dungeon)
 o - a +0 plate armour (worn)
   (You found it on level 3 of the Dungeon)
Magical Staves
 h - a staff of conjuration
   (You found it on level 2 of the Dungeon)
 l - a staff of poison {rP+}
   (You found it on level 2 of the Dungeon)
Jewellery
 C - a ring of protection from cold {rC+}
   (You found it on level 2 of the Dungeon)
Scrolls
 d - a scroll of amnesia {unknown}
 j - a scroll of vulnerability {unknown}
 p - a scroll of immolation {unknown}
 s - a scroll of enchant armour
 t - a scroll of identify {unknown}
Potions
 f - a potion of haste {unknown}
 i - a potion of heal wounds {@q2, !d}
 k - 2 potions of mutation {unknown}
 m - a potion of flight {unknown}
 q - a potion of magic {unknown}
 r - a potion of invisibility {unknown}
 u - a potion of berserk rage {unknown}
Miscellaneous
 c - a piece from Xom's chessboard (15/15) (quivered)


   Skills:
 + Level 5.7 Fighting
 + Level 5.2 Maces & Flails
 + Level 5.1 Armour
 + Level 3.4 Dodging
 + Level 4.7 Stealth


You had 7 spell levels left.
You didn't know any spells.
Your spell library contained the following spells:

 Spells                   Type           Power      Damage    Failure   Level
 Beastly Appendage        Tmut           0%         N/A       100%        1
 Summon Small Mammal      Summ           0%         N/A       100%        1
 Call Imp                 Summ           0%         N/A       100%        2
 Wereblood                Tmut           0%         N/A       100%        2
 Call Canine Familiar     Summ           0%         N/A       100%        3
 Inner Flame              Hex/Fire       0%         N/A       100%        3
 Ozocubu's Armour         Ice            0%         N/A       100%        3
 Spider Form              Tmut/Pois      0%         N/A       100%        3
 Summon Guardian Golem    Hex/Summ       0%         N/A       100%        3
 Animate Armour           Summ/Erth      0%         N/A       100%        4
 Summon Ice Beast         Ice/Summ       0%         N/A       100%        4
 Summon Mana Viper        Hex/Summ       0%         N/A       100%        5
 Yara's Violent Unravell  Hex/Tmut       0%         3d3       100%        5
 Enfeeble                 Hex            0%         N/A       100%        7
 Monstrous Menagerie      Summ           0%         N/A       100%        7
 Ozocubu's Refrigeration  Ice            0%         4d7       100%        7
 Borgnjor's Revivificati  Necr           0%         N/A       100%        8


Dungeon Overview and Level Annotations

Branches:
Dungeon (6/15)             Temple (0/1) D:4

Altars:
Qazlal

Shops:
D:1 [


Innate Abilities, Weirdness & Mutations

You are immune to sickness and miasma.
Your stone body is resilient. (AC +5)
You are immune to poison.
You resist negative energy. (rN+)
You are resistant to electric shocks. (rElec)
You are resistant to unholy torment.
You are immune to petrification.
Armour fits poorly on your strangely shaped body.
You expend magic power (3 MP) to strengthen your wands.


Message History

Things that are here:
a +0 dagger; a +0 robe; an orc corpse
Found a stormy altar of Qazlal.
Health restored: 51 You hear the slow rusting of a drain very nearby.
There is a stormy altar of Qazlal here.
Things that are here:
a +0 dagger; a +0 robe; an orc corpse
Things that are here:
a +0 dagger; an orc corpse
There is a stone staircase leading down here.
Found an escape hatch in the ceiling.
Found a stone staircase leading down.
You now have 285 gold pieces (gained 9).
You hear the slow rusting of a distant drain.
There is an escape hatch in the ceiling here.
Found an escape hatch in the floor.
No target in view!
No target in view!
No target in view!
There is an escape hatch in the floor here.
i - a potion of heal wounds {@q2, !d} You hear the slow rusting of a very distant drain.
A bullfrog comes into view.
A bullfrog is nearby!
The bullfrog croaks.
A bullfrog is nearby!
The bullfrog hits you but does no damage.
The bullfrog barely misses you.
You hit the bullfrog. You burn the bullfrog. The bullfrog barely misses you.
The bullfrog hits you but does no damage.
You barely miss the bullfrog.
The bullfrog hits you but does no damage.
You sock the bullfrog! The bullfrog barely misses you. x2
You closely miss the bullfrog. The bullfrog closely misses you.
The bullfrog hits you but does no damage.
You hit the bullfrog. You burn the bullfrog.
You kill the bullfrog!
No target in view!
No target in view!
No target in view!
Unknown command.
You see here a bullfrog corpse.
A wight comes into view. It is wielding a +0 long sword.
A wight is nearby!
You hear the sound of rushing water.
There is an entrance to a sewer on this level.
Hurry and find it before the portal rusts away!
Bad channel name 'Jiyva says' for runrest: 'Jiyva says: Divide and consume' Options error: Missing colour in message_colour setting: 'before it is too late' Options error: Missing colour in message_colour setting: 'Shift\-Dir \- straight line' Options error: Missing colour in message_colour setting: 'f \- you' Welcome back, BlasphemerAmon the Gargoyle Chaos Knight.
Xom snickers.
A wight comes into view. It is wielding a +1 long sword.
The wight hits you but does no damage.
You hit the wight.
The wight convulses. "Hum-dee-hum-dee-hum..."
The wight seems to grow stronger.
The wight barely misses you.
You barely miss the wight.
The wight hits you but does no damage. x2
You hit the wight. You burn the wight. The wight hits you but does no damage.
You hit the wight.
The wight hits you with a +0 long sword.
You take 6 damage, and have 45/51 hp.
You hit the wight but do no damage. The wight hits you but does no damage.
You hit the wight but do no damage. You punch the wight, but do no damage.
The wight hits you with a +0 long sword.
You take 4 damage, and have 41/51 hp.
Unknown command.
You hit the wight but do no damage.
The wight suddenly seems more resistant.
The wight hits you but does no damage.
You completely miss the wight.
You hear the slow rusting of a very distant drain.
The wight hits you with a +0 long sword.
You take 5 damage, and have 37/51 hp.
You barely miss the wight. The wight hits you but does no damage.
You hit the wight but do no damage.
The wight seems to grow stronger.
Xom is highly amused!
The wight hits you with a +0 long sword!
You closely miss the wight. The wight barely misses you.
You take 10 damage, and have 27/51 hp.
You hit the wight.
Space warps around the wight!
The wight hits you but does no damage.
You hit the wight but do no damage. The wight hits you but does no damage.
You closely miss the wight. The wight hits you but does no damage.
You hit the wight but do no damage.
Nothing appears to happen.
The wight barely misses you.
You hit the wight. You burn the wight.
The wight hits you with a +1 long sword!!
* * * LOW HITPOINT WARNING * * *
You take 18 damage, and have 10/51 hp.
MASSIVE DAMAGE!!
Unknown command.
You are too injured to fight recklessly!
You are too injured to fight recklessly!
You closely miss the wight.
Xom makes a sudden noise!
You hear someone snoring.
The wight hits you with a +1 long sword.
* * * LOW HITPOINT WARNING * * *
The wight hits you with a +1 long sword!
You die...

# #.#.#...#.#
#.#.#...#.#
#.......#.#
#########.##..#.#.#.#
#........†..........#
#.#######.#.#.#.#.###
#. #.#.#...# ..
#.#.######### ...
..#..@zz..... ###.
############# ##


You could see 2 wights.

Vanquished Creatures
  Prince Ribbit (D:5)
  A human (shapeshifter) (D:4)
  2 ogres (D:4)
  A bullfrog (D:6)
  A scorpion (D:5)
  2 hounds (D:4 D:5)
  2 jellies (D:4)
  A gnoll bouda (D:4)
  An orc priest (D:6)
  Jessica (D:2)
  2 iguanas (D:4 D:5)
  2 sleepcaps (D:5)
  An orc wizard (D:6)
  4 gnolls (D:4)
  7 adders (D:2 D:3 D:4 D:5 D:6)
  A worm (D:4)
  3 dart slugs (D:1 D:4 D:5)
  4 orcs (D:3 D:4 D:5 D:6)
  6 ball pythons (D:1 D:2 D:3 D:4)
  4 endoplasms (D:2 D:4)
  2 giant cockroaches (D:1 D:4)
  11 goblins (D:1 D:3 D:4)
  3 hobgoblins (D:1 D:3 D:4)
  8 jackals (D:2 D:4)
  4 quokkas (D:1 D:3)
  6 bats (D:1 D:2 D:3)
  5 frilled lizards (D:1 D:3)
  6 kobolds (D:1 D:3 D:4)
  2 rats (D:3)
94 creatures vanquished.

Vanquished Creatures (others)
  A scorpion (D:5)
1 creature vanquished.

Grand Total: 95 creatures vanquished

Notes
Turn   | Place    | Note
-------+----------+-------------------------------------------
     0 | D:1      | BlasphemerAmon the Gargoyle Chaos Knight began the quest
                  | for the Orb.
     0 | D:1      | Reached XP level 1. HP: 14/14 MP: 1/1
   125 | D:1      | Reached skill level 1 in Dodging
   168 | D:1      | Reached XP level 2. HP: 14/19 MP: 2/2
   183 | D:1      | XOM: noise
   262 | D:1      | Found a transporter.
   270 | D:1      | Found Baimpyk's Antique Armour Shop.
   287 | D:1      | XOM: silly message
   699 | D:1      | Found a transporter.
   885 | D:2      | Noticed Jessica
   899 | D:2      | HP: 8/19 [Jessica/nerve-wracking pain (6)]
   899 | D:2      | XOM: butterfly on damage
   900 | D:2      | Killed Jessica
   901 | D:2      | Reached skill level 1 in Stealth
   901 | D:2      | Reached XP level 3. HP: 9/24 MP: 3/3
  1623 | D:2      | XOM: silly message
  1798 | D:2      | Reached XP level 4. HP: 29/29 MP: 4/4
  2036 | D:3      | Reached skill level 3 in Armour
  2552 | D:3      | XOM: 4-stop teleportation journey
  2718 | D:4      | XOM: chaos cloud
  2724 | D:4      | Reached skill level 4 in Fighting
  2724 | D:4      | Reached XP level 5. HP: 32/33 MP: 5/5
  2767 | D:4      | Reached skill level 2 in Stealth
  2808 | D:4      | Got Sif Muna's Treatise on the Bloody Commander
  2848 | D:4      | Noticed an ogre
  2859 | D:4      | Killed an ogre
  2860 | D:4      | Reached skill level 4 in Maces & Flails
  2860 | D:4      | Reached skill level 2 in Dodging
  2860 | D:4      | Reached XP level 6. HP: 32/39 MP: 6/6
  3018 | D:4      | Reached skill level 3 in Stealth
  3364 | D:4      | Reached skill level 4 in Armour
  3364 | D:4      | Reached XP level 7. HP: 44/44 MP: 7/7
  3431 | D:4      | HP: 22/44 [gnoll/+0 spear[a gnoll bouda] (5)]
  3433 | D:4      | HP: 10/44 [gnoll/+0 spear[a gnoll bouda] (2)]
  3442 | D:4      | HP: 20/44 [gnoll/+0 spear[a gnoll bouda] (3)]
  3448 | D:4      | HP: 17/44 [gnoll/+0 spear[a gnoll bouda] (1)]
  3450 | D:4      | a gnoll changed into a shapeshifter
  3450 | D:4      | Noticed a shapeshifter (shapeshifter)
  3450 | D:4      | a shapeshifter changed into a blink frog
  3450 | D:4      | Noticed a blink frog (shapeshifter)
  3466 | D:4      | a blink frog changed into something unseen
  3470 | D:4      | HP: 19/44 [something (6)]
  3478 | D:4      | HP: 17/44 [something (1)]
  3487 | D:4      | HP: 11/44 [something (4)]
  3492 | D:4      | HP: 5/44 [something (9)]
  3494 | D:4      | HP: 2/44 [something (4)]
  3500 | D:4      | HP: 22/44 [something (1)]
  3502 | D:4      | Noticed a human
  3507 | D:4      | Killed a human
  3508 | D:4      | Reached skill level 5 in Fighting
  3703 | D:4      | XOM: stat loss: -1 Dex (8/9)
  3793 | D:4      | Found a staircase to the Ecumenical Temple.
  3978 | D:5      | Entered Level 5 of the Dungeon
  4015 | D:5      | XOM: polymorph jelly -> scorpion
  4023 | D:5      | Reached skill level 3 in Dodging
  4023 | D:5      | Reached skill level 4 in Stealth
  4072 | D:5      | XOM: give mutations
  4072 | D:5      | Gained mutation: You expend magic power (3 MP) to
                  | strengthen your wands. [Xom's mischief]
  4072 | D:5      | Gained mutation: Armour fits poorly on your strangely
                  | shaped body. [Xom's mischief]
  4072 | D:5      | Gained mutation: You are weak. (Str -2) [Xom's mischief]
  4072 | D:5      | Lost mutation: You are weak. (Str -2) [Xom's mischief]
  4092 | D:5      | Identified the +0 leather armour "Vekiacw" {Str+2 Int+3
                  | SInv}
  4425 | D:5      | Noticed Prince Ribbit
  4440 | D:5      | HP: 18/44 [Prince Ribbit (8)]
  4443 | D:5      | HP: 1/44 [Prince Ribbit (11)]
  4456 | D:5      | HP: 14/44 [scorpion (4)]
  4459 | D:5      | XOM: destruction
  4460 | D:5      | Reached XP level 8. HP: 17/50 MP: 8/8
  4462 | D:5      | HP: 1/50 [Prince Ribbit (12)]
  4462 | D:5      | XOM: butterfly on damage
  4465 | D:5      | Killed Prince Ribbit
  4466 | D:5      | Reached skill level 5 in Maces & Flails
  4706 | D:5      | XOM: silly message
  4846 | D:5      | XOM: stat loss: -1 Int (12/13)
  4905 | D:6      | Reached skill level 5 in Armour
  4982 | D:6      | Found a stormy altar of Qazlal.
  5132 | D:6      | XOM: enchant monster (bad)
  5147 | D:6      | HP: 10/51 [wight/+1 long sword (18)]
  5148 | D:6      | XOM: noise
  5148 | D:6      | Slain by a wight

Illustrated notes

Levels and vault maps discovered:
D:1:      erik_arrival_triangle_medium, layout_loops_cross, serial_shops,
          nicolae_shop_drivethru, hex_medium, minmay_fountain_box,
          minmay_3d_cube
D:2:      layout_loops_ring, chequers_decorated_corner, uniq_jessica,
          uniq_crazy_yiuf_cottage
D:3:      layout_loops_ring
D:4:      layout_basic, minmay_temple_entry_offerings, dreamdust_princess_bridge
D:5:      layout_loops_cross, water_boxes_lemuel, uniq_prince_ribbit1
D:6:      layout_basic, lemuel_crystal_altar, mainiacjoe_overflow_big_doors,
          gup_sewer_entry_pipe, uniq_sigmund

Skill      XL: |  1  2  3  4  5  6  7  8 |
---------------+-------------------------+-----
Dodging        | 1 2 3 |  3.4
Stealth        | 1 2 3 4 |  4.7
Armour         | 3 4 5 |  5.1
Fighting       | 4 5 |  5.7
Maces & Flails | 4 5 |  5.2

Action                     |  1- 3 |  4- 6 |  7- 9 || total
---------------------------+-------+-------+-------++-------
  Melee: Mace              |    84 |   170 |   148 ||   402
         Punch             |     3 |       |     2 ||     5
  Evoke: Piece from Xom's  |       |       |     1 ||     1
    Use: Potion            |     1 |       |     6 ||     7
         Scroll            |     1 |       |     2 ||     3
   Stab: Paralysed         |       |     1 |     1 ||     2
         Petrified         |       |       |     8 ||     8
         Confused          |       |       |     1 ||     1
 Armour: Leather armour    |    40 |       |       ||    40
         Plate armour      |       |   184 |   171 ||   355
  Dodge: Dodged            |    63 |    53 |    56 ||   172

Levels and vault maps discovered:
D:1:      erik_arrival_triangle_medium, layout_loops_cross, serial_shops,
          nicolae_shop_drivethru, hex_medium, minmay_fountain_box,
          minmay_3d_cube
D:2:      layout_loops_ring, chequers_decorated_corner, uniq_jessica,
          uniq_crazy_yiuf_cottage
D:3:      layout_loops_ring
D:4:      layout_basic, minmay_temple_entry_offerings, dreamdust_princess_bridge
D:5:      layout_loops_cross, water_boxes_lemuel, uniq_prince_ribbit1
D:6:      layout_basic, lemuel_crystal_altar, mainiacjoe_overflow_big_doors,
          gup_sewer_entry_pipe, uniq_sigmund

Table legend: (Time is in decaauts)
 A = Elapsed time spent in this place.
 B = Non-inter-level travel time spent in this place.
 C = Inter-level travel time spent in this place.
 D = Time resting spent in this place.
 E = Time spent auto-exploring this place.
 F = Levels seen in this place.
 G = Mean time per level.
                   A        B        C        D        E       F      G
               +--------+--------+--------+--------+--------+-----+--------+
         Total |   5226 |   5062 |    164 |    585 |   3606 |   6 |  871.0 |
       Dungeon |   5226 |   5062 |    164 |    585 |   3606 |   6 |  871.0 |
               +--------+--------+--------+--------+--------+-----+--------+

Top non-repeatable levels by time:
     D:4: 1338 daAuts
     D:2: 1076 daAuts
     D:5: 922 daAuts
     D:3: 836 daAuts
     D:1: 789 daAuts
     D:6: 263 daAuts

Table legend:
 A = Kills in this place as a percentage of kills in the entire game.
 B = Kills by you in this place as a percentage of kills by you in the entire game.
 C = Kills by friends in this place as a percentage of kills by friends in the entire game.
 D = Other kills in this place as a percentage of other kills in the entire game.
 E = Experience gained in this place as a percentage of experience gained in the entire game.
 F = Experience gained in this place divided by the number of levels of this place that you have seen.
                   A       B       C       D       E      F
               +-------+-------+-------+-------+-------+----------------------
         Total | 100.0 | 100.0 |   N/A | 100.0 | 100.0 | 262.2
       Dungeon | 100.0 | 100.0 |   N/A | 100.0 | 100.0 | 262.2
               +-------+-------+-------+-------+-------+----------------------
